3AA
MARQUETTE MINERS @ RICHLAND RAILS
09/06/2039
 
TOP OF THE 1ST
Marquette Miners batting - Pitching for Richland Rails : RHP Felix Klapwijk
Pitching: RHP Felix Klapwijk
Batting: RHB Eduard Argelander 0-0: Called Strike
0-1: Swinging Strike
0-2: Hit by Pitch
Batting: RHB Jesús Méndez 0-0: Ball
1-0: Called Strike
1-1: Ball
2-1: Reached on error, E5 (Groundball, 5, EV 92.5 MPH)
Eduard Argelander to second
Batting: LHB Matt Dunlap 0-0: Called Strike
0-1: Foul Ball, location: 2F
0-2: Foul Ball, location: 2F
0-2: Strikes out swinging
Batting: SHB Ángel García 0-0: Foul Ball, location: 2F
0-1: Ball
1-1: Swinging Strike
1-2: Foul Ball, location: 2F
1-2: Ball
2-2: Fly out, F8 (Flyball, 8LM, EV 74.4 MPH)
Batting: RHB Jesse Garrett 0-0: Ball
1-0: Called Strike
1-1: Foul Ball, location: 2F
1-2: Ball
2-2: Ball
3-2: Ground out 5-3 (Groundball, 56, EV 81.9 MPH)
Top of the 1st over - 0 runs, 0 hits, 1 error, 2 left on base; Marquette 0 - Richland 0
BOTTOM OF THE 1ST
Richland Rails batting - Pitching for Marquette Miners : RHP Eric Manchester
Pitching: RHP Eric Manchester
Batting: LHB Josh Wiggins 0-0: Foul Ball, location: 2F
0-1: Ground out U3 (Groundball, 3, EV 85.0 MPH)
Batting: LHB Júlio Solís 0-0: Ball
1-0: Ball
2-0: Ball
3-0: Base on Balls
Batting: SHB Koryusai Ohayashi 0-0: Ball
1-0: DOUBLE (Line Drive, 89D, EV 102.5 MPH)
Júlio Solís to third
Batting: RHB Richard Forrest 0-0: Called Strike
0-1: Foul Ball, location: 2F
0-2: Ball
1-2: Strikes out swinging
Batting: RHB Bellmay Blake 0-0: SINGLE (Flyball, 78S, EV 88.1 MPH)
Júlio Solís scores
Koryusai Ohayashi to third
Runner from 3rd tries for Home, SAFE, throw by LF to home
Batting: RHB Hui-ying Sun 0-0: Fly out, F8 (Flyball, 78M, EV 83.8 MPH)
Bottom of the 1st over - 2 runs, 2 hits, 0 errors, 1 left on base; Marquette 0 - Richland 2
TOP OF THE 2ND
Marquette Miners batting - Pitching for Richland Rails : RHP Felix Klapwijk
Batting: LHB Sergio Morán 0-0: Ball
1-0: Called Strike
1-1: Ball
2-1: Fly out, F9 (Flyball, 9, EV 87.5 MPH)
Batting: RHB Alexander Conley 0-0: Ball
1-0: Ball
2-0: Fly out, F8 (Flyball, 8RM, EV 85.0 MPH)
Batting: RHB Kent Potter 0-0: Ball
1-0: Foul Ball, location: 2F
1-1: Called Strike
1-2: Ball
2-2: Strikes out swinging
Top of the 2nd over - 0 runs, 0 hits, 0 errors, 0 left on base; Marquette 0 - Richland 2
BOTTOM OF THE 2ND
Richland Rails batting - Pitching for Marquette Miners : RHP Eric Manchester
Batting: RHB Kel Warren 0-0: Called Strike
0-1: Fly out, F7 (Flyball, 78S, EV 75.6 MPH)
Batting: RHB Corey Hines 0-0: Called Strike
0-1: Ball
1-1: Ball
2-1: Swinging Strike
2-2: Ground out 5-3 (Groundball, 5, EV 81.9 MPH)
Batting: RHB Francisco Rodríguez 0-0: Ball
1-0: Foul Ball, location: 2F
1-1: Ball
2-1: Ball
3-1: Base on Balls
Batting: LHB Josh Wiggins 0-0: Ball
1-0: Foul Ball, location: 2F
1-1: Ball
2-1: Foul Ball, location: 2F
2-2: Fly out, F8 (Line Drive, 8RD, EV 104.4 MPH)
Bottom of the 2nd over - 0 runs, 0 hits, 0 errors, 1 left on base; Marquette 0 - Richland 2
TOP OF THE 3RD
Marquette Miners batting - Pitching for Richland Rails : RHP Felix Klapwijk
Batting: LHB Vic Britt 0-0: Ball
1-0: Ball
2-0: Called Strike
2-1: Ball
3-1: Base on Balls
Batting: RHB Eduard Argelander 0-0: Ball
1-0: Foul Ball, location: 2F
1-1: Called Strike
1-2: Foul Ball, location: 2F
1-2: Fly out, F8 (Flyball, 8LXD, EV 107.5 MPH)
Runner from 1st tags up, SAFE at 2nd
Batting: RHB Jesús Méndez 0-0: Fly out, F9 (Flyball, 9S, EV 89.4 MPH)
Batting: LHB Matt Dunlap 0-0: Ball
1-0: Foul Ball, location: 2F
1-1: 2-RUN HOME RUN (Flyball, 7D, EV 101.9 MPH), Distance : 345 ft
Batting: SHB Ángel García 0-0: Ball
1-0: Called Strike
1-1: Ball
2-1: Swinging Strike
2-2: Ball
3-2: Strikes out swinging
Top of the 3rd over - 2 runs, 1 hit, 0 errors, 0 left on base; Marquette 2 - Richland 2
BOTTOM OF THE 3RD
Richland Rails batting - Pitching for Marquette Miners : RHP Eric Manchester
Batting: LHB Júlio Solís 0-0: Ball
1-0: Foul Ball, location: 2F
1-1: SINGLE (Line Drive, 7S, EV 87.5 MPH)
Batting: SHB Koryusai Ohayashi 0-0: Called Strike
Júlio Solís steals 2nd, throwing error, E2
Júlio Solís to third
0-1: Ball
1-1: Ball
2-1: Called Strike
2-2: Fly out, F3 (Popup, 34, EV 65.6 MPH)
Batting: RHB Richard Forrest 0-0: Ball
1-0: Called Strike
1-1: Ball
2-1: Ball
3-1: Called Strike
3-2: Strikes out looking
Batting: RHB Bellmay Blake 0-0: Ball
1-0: Swinging Strike
1-1: Ball
2-1: Swinging Strike
2-2: Ground out 4-3 (Groundball, 4D, EV 84.4 MPH)
Bottom of the 3rd over - 0 runs, 1 hit, 1 error, 1 left on base; Marquette 2 - Richland 2
TOP OF THE 4TH
Marquette Miners batting - Pitching for Richland Rails : RHP Felix Klapwijk
Batting: RHB Jesse Garrett 0-0: Ball
1-0: Ball
2-0: Ball
3-0: Base on Balls
Batting: LHB Sergio Morán 0-0: Ball
1-0: Ball
2-0: Called Strike
2-1: Ball
3-1: Called Strike
3-2: Foul Ball, location: 2F
3-2: Fielders Choice at 2nd, 3-6 (Groundball, 3, EV 85.0 MPH)
Batting: RHB Alexander Conley 0-0: Foul Ball, location: 2F
0-1: Swinging Strike
0-2: Ball
Wild Pitch!
Sergio Morán to second
1-2: Ball
2-2: Ball
Wild Pitch!
Sergio Morán to third
3-2: Foul Ball, location: 2F
3-2: SINGLE (Groundball, 34D, EV 96.9 MPH)
Sergio Morán scores
Batting: RHB Kent Potter 0-0: Ball
1-0: SINGLE (Line Drive, 4MD, EV 96.9 MPH)
Alexander Conley to second
Batting: LHB Vic Britt 0-0: Called Strike
0-1: Fly out, F7 (Flyball, 7S, EV 88.1 MPH)
Batting: RHB Eduard Argelander 0-0: Ball
1-0: Called Strike
1-1: DOUBLE (Groundball, 5L, EV 110.0 MPH)
Alexander Conley scores
Kent Potter to third
Batting: RHB Jesús Méndez 0-0: Called Strike
0-1: Ball
1-1: Fly out, F6 (Line Drive, 6, EV 63.8 MPH)
Top of the 4th over - 2 runs, 3 hits, 0 errors, 2 left on base; Marquette 4 - Richland 2
BOTTOM OF THE 4TH
Richland Rails batting - Pitching for Marquette Miners : RHP Eric Manchester
Batting: RHB Hui-ying Sun 0-0: Ball
1-0: Foul Ball, location: 2F
1-1: Ball
2-1: Fly out, F4 (Popup, 34, EV 69.4 MPH)
Batting: RHB Kel Warren 0-0: Ball
1-0: Fly out, F5 (Popup, 56S, EV 83.8 MPH)
Batting: RHB Corey Hines 0-0: Ball
1-0: Swinging Strike
1-1: Ball
2-1: Called Strike
2-2: Strikes out swinging
Bottom of the 4th over - 0 runs, 0 hits, 0 errors, 0 left on base; Marquette 4 - Richland 2
TOP OF THE 5TH
Marquette Miners batting - Pitching for Richland Rails : RHP Felix Klapwijk
Batting: LHB Matt Dunlap 0-0: Ball
1-0: Ball
2-0: Called Strike
2-1: Foul Ball, location: 2F
2-2: Strikes out looking
Batting: SHB Ángel García 0-0: Ball
1-0: Swinging Strike
1-1: Foul Ball, location: 2F
1-2: Ball
2-2: Foul Ball, location: 2F
2-2: Strikes out swinging
Pitching: RHP Jose Jovellanos
Batting: RHB Jesse Garrett 0-0: Ball
1-0: Called Strike
1-1: Called Strike
1-2: Foul Ball, location: 2F
1-2: Fly out, F8 (Flyball, 8LM, EV 81.9 MPH)
Top of the 5th over - 0 runs, 0 hits, 0 errors, 0 left on base; Marquette 4 - Richland 2
BOTTOM OF THE 5TH
Richland Rails batting - Pitching for Marquette Miners : RHP Eric Manchester
Batting: RHB Francisco Rodríguez 0-0: Ball
1-0: Ground out 1-3 (Groundball, P, EV 66.9 MPH)
Batting: LHB Josh Wiggins 0-0: Ball
1-0: Ball
2-0: Ball
3-0: Called Strike
3-1: Called Strike
3-2: Ground out 4-3 (Groundball, 4, EV 85.0 MPH)
Batting: LHB Júlio Solís 0-0: Ball
1-0: Ball
2-0: Foul Ball, location: 2F
2-1: Called Strike
2-2: Ground out 6-3 (Groundball, 56, EV 93.8 MPH)
Bottom of the 5th over - 0 runs, 0 hits, 0 errors, 0 left on base; Marquette 4 - Richland 2
TOP OF THE 6TH
Marquette Miners batting - Pitching for Richland Rails : RHP Jose Jovellanos
Batting: LHB Sergio Morán 0-0: Swinging Strike
0-1: Swinging Strike
0-2: Ball
1-2: Ball
2-2: Foul Ball, location: 2F
2-2: Strikes out looking
Batting: RHB Alexander Conley 0-0: Ball
1-0: Ball
2-0: Foul Ball, location: 2F
2-1: Foul Ball, location: 2F
2-2: Foul Ball, location: 2F
2-2: Strikes out swinging
Batting: RHB Kent Potter 0-0: Ball
1-0: Ball
2-0: Swinging Strike
2-1: Ball
3-1: Called Strike
3-2: SOLO HOME RUN (Flyball, 7D, EV 103.8 MPH), Distance : 359 ft
Batting: LHB Vic Britt 0-0: Ground out 4-3 (Groundball, 4M, EV 81.9 MPH)
Top of the 6th over - 1 run, 1 hit, 0 errors, 0 left on base; Marquette 5 - Richland 2
BOTTOM OF THE 6TH
Richland Rails batting - Pitching for Marquette Miners : RHP Eric Manchester
Batting: SHB Koryusai Ohayashi 0-0: Called Strike
0-1: Ball
1-1: DOUBLE (Line Drive, 89M, EV 102.5 MPH)
Batting: RHB Richard Forrest 0-0: Called Strike
Koryusai Ohayashi is caught stealing 3rd base 2-5
0-1: Ball
1-1: Called Strike
1-2: Foul Ball, location: 2F
1-2: Foul Ball, location: 2F
1-2: Fly out, F7 (Flyball, 7LS, EV 85.0 MPH)
Batting: RHB Bellmay Blake 0-0: Ball
1-0: Ball
2-0: Called Strike
2-1: Ball
3-1: Ground out 6-3 (Groundball, 6, EV 90.6 MPH)
Bottom of the 6th over - 0 runs, 1 hit, 0 errors, 0 left on base; Marquette 5 - Richland 2
TOP OF THE 7TH
Marquette Miners batting - Pitching for Richland Rails : RHP Jose Jovellanos
Batting: RHB Eduard Argelander 0-0: Called Strike
0-1: Fly out, F9 (Flyball, 9, EV 85.0 MPH)
Batting: RHB Jesús Méndez 0-0: Called Strike
0-1: SINGLE (Groundball, 56S, EV 74.4 MPH) (infield hit)
Batting: LHB Matt Dunlap 0-0: Foul Ball, location: 2F
0-1: Foul Ball, location: 2F
0-2: Ball
1-2: Strikes out swinging
Batting: SHB Ángel García 0-0: Ball
1-0: Ball
2-0: Swinging Strike
2-1: DOUBLE (Flyball, 78D, EV 108.1 MPH)
Jesús Méndez to third
Runner from 3rd tries for Home, SAFE, throw by CF to trailing runner, OUT at third! 8-6-5
Top of the 7th over - 1 run, 2 hits, 0 errors, 0 left on base; Marquette 6 - Richland 2
BOTTOM OF THE 7TH
Richland Rails batting - Pitching for Marquette Miners : RHP Eric Manchester
Batting: RHB Hui-ying Sun 0-0: Swinging Strike
0-1: Ground out U3 (Groundball, 34, EV 85.0 MPH)
Batting: RHB Kel Warren 0-0: Ball
1-0: Swinging Strike
1-1: Hit by Pitch
Batting: RHB Corey Hines 0-0: Ball
1-0: Called Strike
1-1: Ball
2-1: Grounds into double play, 5-4-3 (Groundball, 5S, EV 84.4 MPH)
Bottom of the 7th over - 0 runs, 0 hits, 0 errors, 0 left on base; Marquette 6 - Richland 2
TOP OF THE 8TH
Marquette Miners batting - Pitching for Richland Rails : RHP Jose Jovellanos
Batting: RHB Jesse Garrett 0-0: Ball
1-0: Called Strike
1-1: Ground out 4-3 (Groundball, 4, EV 104.4 MPH)
Batting: LHB Sergio Morán 0-0: Fly out, F8 (Line Drive, 8RM, EV 96.2 MPH)
Batting: RHB Alexander Conley 0-0: Ball
1-0: Fly out, F8 (Flyball, 8RM, EV 93.8 MPH)
Top of the 8th over - 0 runs, 0 hits, 0 errors, 0 left on base; Marquette 6 - Richland 2
BOTTOM OF THE 8TH
Richland Rails batting - Pitching for Marquette Miners : RHP Eric Manchester
Batting: RHB Francisco Rodríguez 0-0: Ball
1-0: SINGLE (Line Drive, 89S, EV 96.2 MPH)
Batting: LHB Josh Wiggins 0-0: Swinging Strike
0-1: Swinging Strike
0-2: Foul Ball, location: 2F
0-2: Ball
1-2: Ball
2-2: Foul Ball, location: 2F
2-2: Foul Ball, location: 2F
2-2: Strikes out swinging
Pitching: RHP Jerry Cherry
Batting: LHB Júlio Solís 0-0: Ball
1-0: DOUBLE (Groundball, 3L, EV 101.2 MPH)
Francisco Rodríguez to third
Batting: SHB Koryusai Ohayashi 0-0: Ball
1-0: Ball
2-0: Called Strike
2-1: Called Strike
2-2: Ball
3-2: Fly out, F2 (Popup, 15S, EV 89.4 MPH)
Batting: RHB Richard Forrest 0-0: Ground out 4-3 (Groundball, 4, EV 85.6 MPH)
Bottom of the 8th over - 0 runs, 2 hits, 0 errors, 2 left on base; Marquette 6 - Richland 2
TOP OF THE 9TH
Marquette Miners batting - Pitching for Richland Rails : RHP Jose Jovellanos
Pitching: RHP Muoi Hoan
Batting: RHB Kent Potter 0-0: Ball
1-0: Swinging Strike
1-1: Foul Ball, location: 2F
1-2: Ball
2-2: Foul Ball, location: 2F
2-2: Strikes out swinging
Batting: LHB Vic Britt 0-0: Ball
1-0: Fly out, F8 (Flyball, 8RM, EV 86.9 MPH)
Batting: RHB Eduard Argelander 0-0: Fly out, F8 (Line Drive, 8LD, EV 94.4 MPH)
Top of the 9th over - 0 runs, 0 hits, 0 errors, 0 left on base; Marquette 6 - Richland 2
BOTTOM OF THE 9TH
Richland Rails batting - Pitching for Marquette Miners : RHP Jerry Cherry
Batting: RHB Bellmay Blake 0-0: Ball
1-0: Foul Ball, location: 2F
1-1: Ball
2-1: Foul Ball, location: 2F
2-2: Reached on error, E6 (Groundball, 6, EV 107.5 MPH)
Batting: RHB Hui-ying Sun 0-0: Ball
1-0: Ball
2-0: Called Strike
2-1: Swinging Strike
2-2: Strikes out swinging
Batting: RHB Kel Warren 0-0: Foul Ball, location: 2F
0-1: Swinging Strike
0-2: Strikes out swinging
Batting: RHB Corey Hines 0-0: Foul Ball, location: 2F
0-1: Swinging Strike
0-2: Ball
1-2: Strikes out looking
Bottom of the 9th over - 0 runs, 0 hits, 1 error, 1 left on base; Marquette 6 - Richland 2
Wednesday, July 8th, 2020 - OOTP Baseball 20.8 Build 74